Map: Deathaura LE

Players

Throwfordays - Winner!

  • Race: Zerg Zerg
  • League: Silver
  • Spawn Location: 11:00

MayNayZ

  • Race: Protoss Protoss
  • Spawn Location: 5:00

VOD

Have the link to the VOD?

Description

Time

  • Played on: July 19, 2020, 2:47 a.m.
  • Length: 5:03
Show
View Real Time Build Order
Export as new Build Order

Throwfordays Zerg - Winner!

Build Orders: Hatch First 

Get SALT Encoding   

  12  0:01  Drone  
  13  0:13  Overlord  
  13  0:28  Drone  
  14  0:42  Hatchery  
  13  0:46  Drone  
  13  0:49  Drone  
  15  0:53  Drone  
  16  1:11  Spawning Pool  
  15  1:13  Drone  
  15  1:16  Drone  
  17  1:21  Extractor, Drone  
  17  1:51  Drone x3  
  20  1:55  Drone  
  21  2:04  Queen  
  23  2:13  Queen  
  25  2:20  Zergling x4  
  27  2:23  Zergling x2  
  27  2:29  Overlord  
  28  2:41  Metabolic Boost  
  28  2:48  Overlord x2  
  28  2:56  Zergling x2  
  29  2:59  Zergling x4  
  29  3:00  Zergling x2  
  29  3:05  Drone  
  33  3:17  Zergling x4  
  33  3:18  Zergling x4  
  37  3:26  Zergling x8  
  41  3:29  Zergling x2  
  42  3:42  Zergling x2  
  42  3:46  Zergling x2  
  42  3:47  Zergling x4  
  41  4:30  Zergling x8  
  41  4:31  Zergling x2  
  46  4:32  Zergling x2  
  46  4:33  Zergling x6  
Show
View Real Time Build Order
Export as new Build Order

MayNayZ Protoss 

Build Orders:  

Get SALT Encoding   

  12  0:05  Probe  
  13  0:17  Probe  
  14  0:21  Pylon  
  14  0:29  Probe  
  15  0:41  Probe  
  16  0:47  Gateway  
  16  0:53  Probe  
  16  0:56  Assimilator  
  17  1:12  Probe  
  18  1:20  Pylon, Probe  
  19  1:47  Assimilator  
  19  1:56  Probe  
  20  2:02  Cybernetics Core  
  19  2:08  Gateway  
  19  2:17  Nexus  
  19  2:20  Pylon  
  19  2:24  Zealot, Warp Gate  
  21  2:31  Probe  
  22  2:56  Gateway  
  22  3:04  Forge  
  22  3:08  Probe  
  22  3:09  Shield Battery  
  23  3:15  Assimilator  
  23  3:16  Probe  
  23  3:20  Stalker  
  26  3:29  Zealot, Probe  
  26  3:31  Probe  
  29  3:39  Probe  
  31  3:50  Probe  
  31  3:51  Probe  
  25  4:17  Pylon x2  
  25  4:23  Zealot x3  
  23  4:35  Gateway  
  23  4:37  Shield Battery  
  23  4:38  Shield Battery  
Tags
 
League
Silver
Matchup
PvZ
Replay Pack
Multiplayer
Spawn Locations
Cross Positions
Add a new tag
Caveats
  • Supply blocks, unpowered buildings, or Contaminate may cause inaccurate times.
  • Supply counts are checked every 10 seconds.